 Dungeon Crawl Stone Soup version 0.23-a0-180-ga5275e7 (webtiles) character file.

26966 Amnesiac the Lord of Darkness (level 13, -1/98 HPs)
             Began as a Mummy Monk on Sept 18, 2018.
             Was the Champion of Kikubaaqudgha.
             Slain by a sun demon (6 damage)
             ... on level 2 of the Orcish Mines.
             The game lasted 00:41:51 (16956 turns).

Amnesiac the Lord of Darkness (Mummy Monk)         Turns: 16956, Time: 00:41:52

Health: -1/98      AC: 12    Str: 15    XL:     13   Next: 1%
Magic:  26/30      EV: 14    Int: 14    God:    Kikubaaqudgha [******]
Gold:   1200       SH:  0    Dex: 14    Spells: 7/38 levels left

rFire    + . .     SeeInvis .   s - +1 whip (elec)
rCold    . . .     Gourm    .   (no shield)
rNeg     + + +     Faith    .   g - +2 robe {Archmagi}
rPois    ∞         Spirit   .   m - +2 helmet
rElec    .         Reflect  .   C - +2 cloak
rCorr    .         Harm     +   i - +0 pair of gloves
MR       +....                  r - +0 pair of boots
Stlth    ++........             o - amulet of harm
HPRegen  0.26/turn              q - ring of protection from fire
MPRegen  0.22/turn              k - ring of fire

@: no status effects
A: no food or potions, fire vulnerability, cold resistance 1, negative energy
resistance 3, torment resistance, unbreathing, in touch with death 1
a: Receive Corpses, Torment, Renounce Religion


You were on level 2 of the Orcish Mines.
You worshipped Kikubaaqudgha.
Kikubaaqudgha was exalted by your worship.
You were not hungry.

You visited 3 branches of the dungeon, and saw 15 of its levels.

You collected 1401 gold pieces.
You spent 201 gold pieces at shops.

Inventory:

Hand Weapons
 j - a +1 quarterstaff of protection
 s - a +1 whip of electrocution (weapon)
 z - the +9 broad axe "Pebires" {chop, rN+ Str+2, unknown}
   (You found it on level 12 of the Dungeon)

   It inflicts extra damage upon your enemies.
   It affects your strength (+2).
   It protects you from negative energy.
Armour
 g - a +2 robe of the Archmagi (worn)
 i - a +0 pair of gloves (worn)
 m - a +2 helmet (worn)
 n - a scarf of spirit shield
 r - a +0 pair of boots (worn)
 B - a scarf of repulsion
 C - a +2 cloak (worn)
Jewellery
 d - a +4 ring of protection
 k - a ring of fire (right hand)
 o - an amulet of harm (around neck)
 q - a ring of protection from fire (left hand)
 y - an uncursed ring of resist corrosion
 A - an uncursed amulet of the acrobat {unknown}
Wands
 b - a wand of acid (7)
 f - a wand of polymorph (15)
 l - a wand of random effects (43)
 w - a wand of paralysis (10)
Scrolls
 a - a scroll of summoning {!r}
 c - 3 scrolls of teleportation {!r}
 h - a scroll of fog {!r}
 p - 7 scrolls of remove curse {!r}
 t - a scroll of blinking {!r}
 u - a scroll of vulnerability {!r}


   Skills:
 - Level 8.0 Fighting
   Level 2.4(2.5) Polearms
 - Level 0.8(1.7) Staves
 + Level 4.6 Dodging
 - Level 1.5 Stealth
 + Level 13.1 Spellcasting
 * Level 15.4 Necromancy
 - Level 4.0 Earth Magic


You had 7 spell levels left.
You knew the following spells:

 Your Spells              Type           Power        Failure   Level  Hunger
a - Vampiric Draining     Necr           #######...   1%          3    N/A
b - Animate Skeleton      Necr           N/A          0%          1    N/A
c - Haunt                 Necr/Summ      ######....   95%         7    N/A
d - Dispel Undead         Necr           #######.     1%          5    N/A
e - Borgnjor's Vile Clut  Necr/Erth      ######....   3%          5    N/A
f - Infestation           Necr           #######...   65%         8    N/A
s - Corpse Rot            Necr           N/A          1%          2    N/A

Your spell library contained the following spells:

 Spells                   Type           Power        Failure   Level  Hunger
 Pain                     Necr           ####         0%          1    N/A
 Death Channel            Necr           #######...   1%          6    N/A
 Corona                   Hex            ##.....      8%          1    N/A
 Excruciating Wounds      Chrm/Necr      ######....   9%          5    N/A
 Ensorcelled Hibernation  Hex/Ice        ##....       12%         2    N/A
 Sticks to Snakes         Tmut           ##......     12%         2    N/A
 Confuse                  Hex            ##......     22%         3    N/A
 Dazzling Spray           Conj/Hex       ##....       22%         3    N/A
 Tukima's Dance           Hex            ##......     22%         3    N/A
 Simulacrum               Ice/Necr       ######....   43%         6    N/A
 Irradiate                Conj/Tmut      ##........   91%         5    N/A
 Beastly Appendage        Tmut           Unusable     N/A         1    N/A
 Spider Form              Tmut/Pois      Unusable     N/A         3    N/A
 Ice Form                 Ice/Tmut       Unusable     N/A         4    N/A
 Blade Hands              Tmut           Unusable     N/A         5    N/A
 Statue Form              Tmut/Erth      Unusable     N/A         6    N/A
 Hydra Form               Tmut           Unusable     N/A         6    N/A
 Dragon Form              Tmut           Unusable     N/A         7    N/A
 Borgnjor's Revivificati  Necr           Unusable     N/A         8    N/A
 Death's Door             Chrm/Necr      Unusable     N/A         8    N/A
 Necromutation            Tmut/Necr      Unusable     N/A         8    N/A

Dungeon Overview and Level Annotations

Branches:
Dungeon (12/15)            Temple (1/1) D:5            Lair (0/6) D:8
    Orc (2/2) D:12            Elf (0/3) Orc:2

Altars:
Ashenzari
Cheibriados
Dithmenos
Elyvilon
Gozag
Hepliaklqana
Kikubaaqudgha
Makhleb
Nemelex Xobeh
Okawaru
Qazlal
Trog
Uskayaw
Wu Jian
Xom
Zin
Beogh

Shops:
D:4 [   D:10 %**   D:12 =   Orc:2 !*


Innate Abilities, Weirdness & Mutations

You do not eat or drink.
Your flesh is vulnerable to fire.
You are immune to poison.
Your flesh is cold resistant. (rC+)
You are immune to negative energy. (rN+++)
You are immune to unholy pain and torment.
You can survive without breathing.
You are in touch with the powers of death.


Message History

Magic restored.
You start resting.
HP restored.
An orc sorcerer comes into view. It is wielding a dagger.
The orc sorcerer shouts!
The sun demon shouts!
You hear a shout! x2
The orc sorcerer casts a spell at you.
You easily resist.
You hear a shout! x3
Items here: )))) [[[[
Casting: Borgnjor's Vile Clutch (safe; 3% risk of failure)
Confirm with . or Enter, or press ? or * to list all spells.
Aiming: Borgnjor's Vile Clutch (safe; 3% risk of failure)
Press: ? - help, Dir - move target cursor, f - you
Okay, then.
Things that are here:
an enchanted flail; a leather armour You start resting.
The sun demon is too close now for your liking.
Casting: Borgnjor's Vile Clutch (safe; 3% risk of failure)
Confirm with . or Enter, or press ? or * to list all spells.
Aiming: Borgnjor's Vile Clutch (safe; 3% risk of failure)
Press: ? - help, Dir - move target cursor, f - sun demon
Aim: a sun demon You feel a strong surge of power!
Decaying hands burst forth from the earth!
Zombie hands grab the sun demon.
The zombie hands constrict the sun demon.
The sun demon hits you!
You are engulfed in flames!
Put on which piece of jewellery? (? for menu, Esc to quit)
You're wearing all the rings you can.
Remove which one? (? for menu, Esc to cancel) < or
q - a ring of protection from fire; > or
d - a +4 ring of protection You remove your +4 ring of protection.
The zombie hands constrict the sun demon.
The sun demon barely misses you.
You feel more attuned to fire.
k - a ring of fire (right hand)
The zombie hands constrict the sun demon.
The sun demon hits you.
You are engulfed in flames!
You resist.
* * * LOW HITPOINT WARNING * * *
You hit the sun demon but do no damage.
The sun demon is lightly wounded.
The zombie hands constrict the sun demon!
The sun demon closely misses you.
You hit the sun demon but do no damage.
The sun demon is heavily wounded.
The zombie hands constrict the sun demon.
The sun demon hits you.
* * * LOW HITPOINT WARNING * * *
You are engulfed in flames!
You resist.
* * * LOW HITPOINT WARNING * * *
You hit the sun demon but do no damage.
The sun demon is heavily wounded.
The zombie hands constrict the sun demon!!
The zombie hands release their grip on the sun demon.
The sun demon hits you!
* * * LOW HITPOINT WARNING * * *
You are engulfed in flames!
You resist.
* * * LOW HITPOINT WARNING * * *
The sun demon hits you.
* * * LOW HITPOINT WARNING * * *
You are engulfed in flames.
You resist.
You die...
Kikubaaqudgha rasps: "You have failed me!
Welcome... oblivion!"

#......))............###...
#......)......#.......##...
##....##)).#...........#...
#...###).###...#.....##...
#..###..#####.......###...
#####..###.###.......##.).
##..###...###......##...
##..###.#3# ##......##'#
##..###..@#...###....##...
##..###...###...###.####...
##..###...## #.).#### #...
##..)....)## #...# ####
##....#...## #.o.
##...#....## #3#
##∩.#.....## .. #.....#..##
##∩.#.....##


You could see a sun demon.

Vanquished Creatures
  The ghost of Fudwodio the Blocker, a journeyman DDFi of Makhleb (Orc:2)
  Nessos (Orc:2)
  The ghost of DEFE the Severer, a journeyman DsMo of Xom (D:12)
  Erolcha (D:9)
  The ghost of iamserjio the Destroyer, a novice DrWn of Sif Muna (D:8)
  A dancing weapon (Orc:2)
  A queen ant (D:10)
  An unseen horror (D:12)
  Pikel (D:5)
  4 orc knights (Orc:2)
  2 orc sorcerers (Orc:2)
  3 ugly things
  A spectral centaur (D:12)
  Joseph (D:8)
  A smoke demon (Orc:2)
  An orange demon (Orc:2)
  A kobold demonologist (D:11)
  A spectral redback (D:12)
  2 red devils (Orc:2)
  2 trolls
  A wolf spider simulacrum (D:12)
  Grinder (D:5)
  A hornet (D:7)
  3 hippogriffs
  9 yaks
  2 hungry ghosts (D:8)
  A steam dragon (D:12)
  2 wargs
  4 soldier ants (D:10)
  A water moccasin (D:11)
  2 acid dragons (D:11)
  5 ice beasts
  25 orc warriors
  2 sky beasts
  2 slaves (D:5)
  3 eyes of draining
  5 ogres
  3 phantoms
  7 centaurs
  4 big kobolds
  A gnoll sergeant (D:6)
  9 bullfrogs
  A wyvern zombie (D:11)
  3 scorpions
  8 killer bees
  7 wights (D:7)
  2 howler monkeys
  4 crimson imps
  A bullfrog zombie (D:10)
  3 centaur zombies
  2 jellies
  22 orc priests
  6 hounds
  A centaur skeleton (D:8)
  A bullfrog skeleton (D:10)
  4 iguanas
  Natasha (thrice) (D:4)
  13 orc wizards
  31 worker ants
  A bullfrog simulacrum (D:8)
  6 centaur simulacra
  2 hound skeletons
  A worker ant zombie (D:5)
  7 gnolls
  14 adders
  3 shadow imps
  2 white imps (D:8)
  An adder zombie (D:9)
  5 worms
  5 dart slugs
  2 leopard geckos (D:2)
  110 orcs
  6 giant cockroaches
  8 hobgoblins
  24 jackals
  6 quokkas
  2 bats
  11 frilled lizards
  7 goblins
  29 kobolds
  3 leopard gecko skeletons (D:5)
  2 quokka skeletons
  5 rats
495 creatures vanquished.

Vanquished Creatures (collateral kills)
  An orc warrior (D:8)
  An ogre (D:7)
  2 gnolls (D:8)
  An orc (D:8)
5 creatures vanquished.

Vanquished Creatures (others)
  A slave (D:6)
  A centaur (D:6)
  2 jellies (D:11)
  A bullfrog zombie (D:6)
5 creatures vanquished.

Grand Total: 505 creatures vanquished

Notes
Turn   | Place    | Note
-------+----------+-------------------------------------------
     0 | D:1      | Amnesiac the Mummy Monk began the quest for the Orb.
     0 | D:1      | Reached XP level 1. HP: 18/18 MP: 1/1
    43 | D:1      | Reached skill level 1 in Spellcasting
   115 | D:1      | Reached XP level 2. HP: 22/24 MP: 5/5
   374 | D:3      | Reached XP level 3. HP: 19/29 MP: 7/7
   912 | D:3      | Reached XP level 4. HP: 27/35 MP: 10/10
  1264 | D:4      | Found Metam's Antique Armour Boutique.
  1266 | D:5      | Entered Level 5 of the Dungeon
  1301 | D:4      | Reached skill level 5 in Spellcasting
  1445 | D:4      | Reached XP level 5. HP: 34/41 MP: 13/13
  1511 | D:4      | Found a sparkling altar of Nemelex Xobeh.
  1535 | D:4      | Noticed an ogre
  1542 | D:4      | Killed an ogre
  1703 | D:4      | Noticed Natasha
  1711 | D:3      | Reached XP level 6. HP: 28/47 MP: 16/16
  1839 | D:4      | Killed Natasha
  1896 | D:4      | Noticed Natasha
  1909 | D:4      | Killed Natasha
  2161 | D:4      | Noticed Natasha
  2217 | D:4      | Killed Natasha
  2591 | D:4      | Got a warped mace
  2655 | D:4      | Identified the +5 mace "Xonomig" {crush, MR+ Str+2} (You
                  | found it on level 4 of the Dungeon)
  2664 | D:5      | Found a staircase to the Ecumenical Temple.
  2670 | Temple   | Entered the Ecumenical Temple
  2675 | Temple   | Became a worshipper of Kikubaaqudgha
  2675 | Temple   | Reached * piety under Kikubaaqudgha
  2675 | Temple   | Identified Kikubaaqudgha's Grimoire of Stolen Souls
                  | (Kikubaaqudgha gifted it to you in the Ecumenical Temple)
  2675 | Temple   | Received a gift from Kikubaaqudgha
  2675 | Temple   | Reached ** piety under Kikubaaqudgha
  2689 | D:5      | Noticed Grinder
  2699 | D:5      | Reached skill level 2 in Necromancy
  2862 | D:5      | Reached XP level 7. HP: 41/52 MP: 18/18
  2869 | D:5      | Killed Grinder
  2869 | D:5      | Reached skill level 4 in Necromancy
  3141 | D:2      | Found a glowing silver altar of Zin.
  4119 | D:5      | Reached skill level 5 in Necromancy
  4123 | D:5      | Learned a level 2 spell: Corpse Rot
  4127 | D:5      | Learned a level 3 spell: Vampiric Draining
  4486 | D:6      | Reached *** piety under Kikubaaqudgha
  4486 | D:6      | Identified Kikubaaqudgha's Papyrus of Darkness
                  | (Kikubaaqudgha gifted it to you on level 6 of the Dungeon)
  4486 | D:6      | Received a gift from Kikubaaqudgha
  4564 | D:6      | Reached XP level 8. HP: 39/58 MP: 20/20
  4594 | D:6      | Reached skill level 6 in Necromancy
  4757 | D:6      | Reached skill level 7 in Necromancy
  4761 | D:6      | Found an opulent altar of Gozag.
  4796 | D:6      | Noticed Pikel
  4831 | D:5      | Killed Pikel
  4831 | D:5      | Reached skill level 8 in Necromancy
  4854 | D:6      | Reached skill level 9 in Necromancy
  4984 | D:6      | Reached XP level 9. HP: 50/63 MP: 9/21
  4991 | D:6      | Learned a level 5 spell: Borgnjor's Vile Clutch
  4997 | D:6      | Learned a level 5 spell: Dispel Undead
  5400 | D:7      | Learned a level 1 spell: Animate Skeleton
  5541 | D:7      | Reached skill level 10 in Necromancy
  5596 | D:7      | Reached skill level 1 in Earth Magic
  6504 | D:7      | Reached **** piety under Kikubaaqudgha
  6569 | D:7      | Found a shattered altar of Ashenzari.
  6574 | D:7      | Found a bloodstained altar of Trog.
  6575 | D:7      | Found an ornate altar of the Wu Jian Council.
  6575 | D:7      | Found a hide-covered altar of Uskayaw.
  6575 | D:7      | Found an iron altar of Okawaru.
  6576 | D:7      | Found a snail-covered altar of Cheibriados.
  6585 | D:7      | Found a shadowy altar of Dithmenos.
  6586 | D:7      | Found a stormy altar of Qazlal.
  7116 | D:8      | Found a staircase to the Lair.
  7220 | D:8      | Noticed Joseph
  7233 | D:8      | Killed Joseph
  7233 | D:8      | Reached XP level 10. HP: 38/71 MP: 5/22
  7539 | D:8      | Reached skill level 11 in Necromancy
  7702 | D:8      | Found a runed gate.
  7702 | D:8      | Found a runed gate.
  7702 | D:8      | Found a runed gate.
  7877 | D:8      | Noticed iamserjio's ghost (novice DrWn)
  7911 | D:8      | Killed iamserjio's ghost
  7911 | D:8      | Reached skill level 5 in Fighting
  8112 | D:9      | Noticed Erolcha
  8152 | D:9      | Noticed a green ugly thing
  8166 | D:9      | Killed a green ugly thing
  8261 | D:9      | Killed Erolcha
  8261 | D:9      | Reached skill level 10 in Spellcasting
  8261 | D:9      | Reached skill level 12 in Necromancy
  8292 | D:10     | Entered Level 10 of the Dungeon
  8992 | D:9      | Found a hazy altar of Hepliaklqana.
  9029 | D:9      | Reached ***** piety under Kikubaaqudgha
  9043 | D:9      | Reached XP level 11. HP: 71/81 MP: 18/25
 10101 | D:10     | Found Dahate's General Store.
 10102 | D:10     | Found Jaodes's General Store.
 10123 | D:10     | Found Qoyf's General Store.
 10273 | D:10     | Found Elasepsofu's Food Shop.
 10685 | D:10     | Noticed a queen ant
 10700 | D:10     | Killed a queen ant
 10700 | D:10     | Reached skill level 13 in Necromancy
 11054 | D:11     | Found a transporter.
 11384 | D:11     | Noticed a red ugly thing
 11472 | D:11     | Killed a red ugly thing
 11576 | D:11     | Found a transporter.
 11658 | D:11     | Noticed a brown ugly thing
 11677 | D:11     | Killed a brown ugly thing
 12488 | D:10     | Bought a +0 pair of boots for 49 gold pieces
 12616 | D:4      | Bought an embroidered scarf for 152 gold pieces
 12800 | D:12     | Killed an unseen horror
 13136 | D:12     | Reached ****** piety under Kikubaaqudgha
 13137 | D:12     | Received a gift from Kikubaaqudgha
 13147 | D:12     | Learned a level 7 spell: Haunt
 13156 | D:12     | Learned a level 8 spell: Infestation
 13185 | D:12     | Found Gecheuqo's Jewellery Boutique.
 13260 | D:12     | Found a staircase to the Orcish Mines.
 13733 | D:12     | Found a runed gate.
 13733 | D:12     | Found a runed gate.
 13733 | D:12     | Found a runed gate.
 13733 | D:12     | Noticed DEFE's ghost (journeyman DsMo)
 14064 | D:12     | Reached XP level 12. HP: 92/92 MP: 16/27
 14066 | D:12     | Reached skill level 14 in Necromancy
 14243 | D:12     | Killed DEFE's ghost
 14278 | D:12     | Got a polished broad axe
 14368 | Orc:1    | Entered Level 1 of the Orcish Mines
 14624 | Orc:2    | Entered Level 2 of the Orcish Mines
 14624 | Orc:2    | Noticed Nessos
 14636 | Orc:2    | Killed Nessos
 14741 | Orc:2    | Found a staircase to the Elven Halls.
 14810 | Orc:2    | Found a roughly hewn altar of Beogh.
 14820 | Orc:2    | Found a runed door.
 14825 | Orc:2    | Found a shimmering altar of Xom.
 14825 | Orc:2    | Noticed Fudwodio's ghost (journeyman DDFi)
 15146 | Orc:2    | Paralysed by a quarterstaff of chaos for 3 turns
 15174 | Orc:2    | Killed Fudwodio's ghost
 15331 | Orc:2    | Found Losoxon's General Store.
 15332 | Orc:2    | Found Zompul's Distillery.
 15596 | Orc:2    | Reached skill level 15 in Necromancy
 15743 | Orc:2    | Paralysed by an orc sorcerer for 7 turns
 16833 | Orc:2    | Gained mutation: You are in touch with the powers of death.
                  | [Mummy growth]
 16833 | Orc:2    | Reached XP level 13. HP: 98/98 MP: 21/30
 16956 | Orc:2    | Slain by a sun demon

Vault maps used:
D:1:      shiori_shiawase, minmay_lizard_pond
D:2:      lemuel_round_altar
D:3:      minmay_misc_feat_diagonals
D:4:      nemelex_xobeh_ov_fountains_minmay, first_ration, serial_shops,
          nicolae_shop_overgrown_old_shop, uniq_natasha
D:5:      minmay_temple_entry_statues_fountains, uniq_grinder
D:6:      marbit_many_paths, uniq_pikel, uniq_edmund
D:7:      minitemple, minmay_misc_feat_chi, grunt_ogre_cave,
          minmay_misc_feat_tiny, item_on_display_a
D:8:      lair_entry_dummy, gammafunk_ghost_icy, nicolae_straight_to_the_point,
          uniq_joseph
D:9:      overflow_temple_1_default, nooodl_food_tri, uniq_erolcha
D:10:     serial_shops, nicolae_shop_statue_plus, shop, shop, shop,
          zaba_antful_of_joy
D:11:     gammafunk_cloud_chamber
D:12:     orc_0_dummy, gammafunk_ghost_necromancy, serial_shops, shop
Temple:   compressed_dpeg_circular_temple
Orc:1:    serial_shops, shop
Orc:2:    pf_orc_diabolical, ebering_ghost_xom, basic_altar,
          minmay_orc_barracks, uniq_nessos

Skill      XL: |  1  2  3  4  5  6  7  8  9 10 11 12 |
---------------+-------------------------------------+-----
Spellcasting   | 2 3 4 5 7 8 10 11 13 | 13.1
Necromancy     | 2 5 9 10 12 13 15 | 15.4
Earth Magic    | 4 |  4.0
Fighting       | 4 6 8 |  8.0
Dodging        | 4 |  4.6
Polearms       | |  2.4
Staves         | |  0.8
Stealth        | |  1.5

Action                   |  1- 3 |  4- 6 |  7- 9 | 10-12 | 13-15 || total
-------------------------+-------+-------+-------+-------+-------++-------
Melee: Spear             |   225 |   169 |       |       |       ||   394
       Quarterstaff      |       |    22 |       |       |       ||    22
       Mace              |       |    12 |   156 |       |       ||   168
       Whip              |       |       |   133 |   634 |     5 ||   772
 Cast: Vampiric Draining |       |       |    27 |   107 |       ||   134
       Corpse Rot        |       |       |     9 |    12 |       ||    21
       Dispel Undead     |       |       |    10 |    17 |       ||    27
       Borgnjor's Vile C |       |       |     6 |    63 |     2 ||    71
       Animate Skeleton  |       |       |     3 |    14 |       ||    17
Invok: Receive Necronomi |       |       |       |     1 |       ||     1
Evoke: Wand              |       |    37 |    11 |    15 |       ||    63
  Use: Scroll            |       |       |     8 |    14 |       ||    22
 Stab: Sleeping          |       |       |       |     7 |       ||     7
       Distracted        |       |       |       |     2 |       ||     2
       Paralysed         |       |       |       |     4 |       ||     4
Armor: Robe              |     6 |       |       |   281 |       ||   287
       Chain mail        |    81 |   184 |   101 |       |       ||   366
       Leather armour    |       |       |    63 |     7 |       ||    70
Dodge: Dodged            |    71 |    76 |   188 |   542 |     2 ||   879

Table legend:
 A = Non-vault XP
 B = Vault XP
 C = Vault XP percentage of total XP
 D = Non-vault monster count
 E = Vault monster count
 F = Vault count percentage of total count
                 A         B        C        D         E       F
            +---------+---------+-------+---------+---------+-------
      Total |   16099 |   22424 |  58.2 |     342 |     156 |  31.3
            +---------+---------+-------+---------+---------+-------
        D:1 |      30 |       8 |  21.1 |      17 |       8 |  32.0
        D:2 |      57 |       0 |   0.0 |      20 |       0 |   0.0
        D:3 |     112 |       0 |   0.0 |      38 |       0 |   0.0
        D:4 |     449 |      35 |   7.2 |      17 |       1 |   5.6
        D:5 |     338 |     913 |  73.0 |      15 |       2 |  11.8
        D:6 |    1162 |       2 |   0.2 |      35 |       1 |   2.8
        D:7 |    1413 |      61 |   4.1 |      29 |       1 |   3.3
        D:8 |    1845 |    1771 |  49.0 |      32 |       9 |  22.0
        D:9 |    3200 |    1548 |  32.6 |      33 |       3 |   8.3
       D:10 |    1219 |    2609 |  68.2 |      32 |      52 |  61.9
       D:11 |    2639 |     267 |   9.2 |      24 |       2 |   7.7
       D:12 |    1780 |    3658 |  67.3 |      20 |      10 |  33.3
      Orc:1 |    1040 |       0 |   0.0 |      16 |       0 |   0.0
      Orc:2 |     815 |   11552 |  93.4 |      14 |      67 |  82.7
            +---------+---------+-------+---------+---------+-------
